Description

Maru vs Byun Timing attack

Build Order

Get SALT Encoding   

  14  0:16  Supply Depot  
  15  0:40  Barracks  
  16  0:43  Refinery  
  19  1:27  Orbital Command  
  20  1:42  Command Center  
  21  1:54  Supply Depot  
  23  2:09  Barracks  
  23  2:15  Bunker  
  24  2:30  Factory  
  26  2:38  Refinery  
  26  2:50  Barracks Reactor  
  27  2:53  Orbital Command  
  27  2:56  Barracks Tech Lab  
  29  3:14  Stimpack  
  33  3:26  Supply Depot  
  38  3:38  Starport  
  39  3:41  Factory Reactor  
  42  3:54  Supply Depot  
  60  4:33  Supply Depot  
  60  4:34  Refinery  
  60  4:35  Factory Tech Lab  
  61  4:43  Engineering Bay  
  62  4:49  Supply Depot  
  69  5:05  Combat Shield  
  70  5:12  Barracks  
  73  5:16  Terran Infantry Armor Level 1  
  73  5:20  Supply Depot  
  74  5:21  Starport Reactor  
  74  5:25  Refinery  
Spawning Tool Build Advisor. Get it on Overwolf

Go to:

Details

  • Created by: DTNA
  • Published on: Apr 22, 2023
  • Modified on: Apr 22, 2023
  • Patch: 5.0.11
  • Difficulty: Hard
Show
View Real Time Build Order
Export as new Build Order

Comments (0)

There are no comments. Be the first!

Create an account to comment!